 Dungeon Crawl Stone Soup version 0.21.1-1-g345015f (webtiles) character file.

38 ovoid the Caller (level 3, 24/24 HPs)
             Began as a Barachi Summoner on Apr 28, 2018.
             Quit the game on level 2 of the Dungeon.
             The game lasted 00:11:49 (652 turns).

ovoid the Caller (Barachi Summoner)                  Turns: 652, Time: 00:11:49

Health: 24/24      AC:  6    Str:  9    XL:     3   Next: 43%
Magic:  7/7        EV: 12    Int: 16    God:
Gold:   64         SH:  0    Dex: 12    Spells: 4/7 levels left

rFire    . . .     SeeInvis .   l - +0 short sword
rCold    . . .     Gourm    .   (no shield)
rNeg     . . .     Faith    .   a - +0 robe
rPois    .         Spirit   .   (no helmet)
rElec    .         Reflect  .   r - +2 cloak
rCorr    .         Harm     .   (no gloves)
MR       .....                  m - +0 pair of boots
Stlth    ++........             (no amulet)
HPRegen  0.08/turn              (no ring)
MPRegen  0.10/turn              (no ring)

@: slow
A: +LOS, swims, slowness 1, strong legs 1
a: Hop


You were on level 2 of the Dungeon.
You were not hungry.

You visited 1 branch of the dungeon, and saw 2 of its levels.

You collected 64 gold pieces.

Inventory:

Hand Weapons
 h - a +0 whip of flaming
 l - a +0 short sword (weapon)
Armour
 a - a +0 robe (worn)
 i - a scarf of repulsion
 m - a +0 pair of boots (worn)
 r - a +2 cloak (worn)
Scrolls
 d - 6 scrolls of identify {unknown}
 e - a scroll of teleportation {unknown}
 n - a scroll of fear {unknown}
 q - a scroll of random uselessness {unknown}
Potions
 g - a potion of agility {unknown}
 j - a potion of haste {unknown}
 k - a potion of curing {unknown}
 o - a potion of flight {unknown}
 p - 2 potions of berserk rage {unknown}
Books
 b - a book of Callings

   Spells                             Type                      Level
   a - Summon Small Mammal            Summoning                    1
   b - Call Imp                       Summoning                    2
   c - Call Canine Familiar           Summoning                    3
   d - Summon Guardian Golem          Hexes/Summoning              3
   e - Summon Lightning Spire         Summoning/Air                4
   f - Summon Ice Beast               Ice/Summoning                4
Comestibles
 c - 6 rations
 f - 5 chunks of flesh


   Skills:
 + Level 0.1 Fighting
 * Level 0.6 Short Blades
 - Level 0.1 Maces & Flails
 + Level 2.3 Dodging
 + Level 1.9 Stealth
 + Level 2.8 Spellcasting
 + Level 5.5 Summonings


You had 4 spell levels left.
You knew the following spells:

 Your Spells              Type           Power        Failure   Level  Hunger
a - Summon Small Mammal   Summ           ###.         1%          1    #......
b - Call Imp              Summ           ###.....     3%          2    ##.....


Dungeon Overview and Level Annotations

Branches:
Dungeon (2/15)

Altars:
Fedhas


Innate Abilities, Weirdness & Mutations

Shadows flee at your approach. (+LOS)
You can swim through water.
You cover ground slowly.
You can hop short distances.


Message History

r - a glowing cloak Your quokka disappears in a puff of smoke!
Your white imp disappears in a puff of smoke!
d - 6 scrolls labeled ISUEPESOOS (gained 1)
You see here a robe.
You start removing your armour.
You continue taking off your scarf of repulsion. x4
You finish taking off your scarf of repulsion.
The haze of the repulsion field disappears.
You start putting on your armour.
You continue putting on your glowing cloak. x5
You finish putting on your +2 cloak.
HP restored.
Some of the chunks of flesh in your inventory have rotted away.
Found a stone staircase leading up.
You now have 64 gold pieces (gained 10).
There is a stone staircase leading up here.
Unknown command.
Unknown command.
Are you sure you want to abandon this character and quit the game? (Confirm with "yes".)

#............# ##
#.########.### #.####.# #.<.#
#.#....# #.### ..#####...####
##.# ...#.....## ##..#
##.........### #..##
.....####....######.##
#.##.####..#.##.@...#
...#............#####
...##...#####......#
...##...#####..###.## #####
..).............##..# ##..[##
.................##.# ##.....##
...#..............#.###.......#
...#..............#..##.......#
####.#............##..........#


There were no monsters in sight!

Vanquished Creatures
  A worm (D:2)
  A dart slug (D:1)
  A leopard gecko (D:2)
  A giant cockroach (D:2)
  2 goblins
  A hobgoblin (D:2)
  3 frilled lizards
  3 rats (D:1)
13 creatures vanquished.

Vanquished Creatures (collateral kills)
  An adder (D:2)
  An ooze (D:1)
  A worm (D:2)
  A dart slug (D:1)
  A leopard gecko (D:2)
  2 giant cockroaches
  2 goblins
  3 kobolds
  A quokka (D:2)
  2 bats (D:1)
  A frilled lizard (D:1)
16 creatures vanquished.

Grand Total: 29 creatures vanquished

Notes
Turn   | Place    | Note
-------+----------+-------------------------------------------
     0 | D:1      | ovoid the Barachi Summoner began the quest for the Orb.
     0 | D:1      | Reached XP level 1. HP: 13/13 MP: 3/3
   122 | D:1      | Reached skill level 5 in Summonings
   235 | D:1      | Reached XP level 2. HP: 19/19 MP: 0/5
   246 | D:1      | Learned a level 2 spell: Call Imp
   404 | D:1      | You fall through a shaft!
   456 | D:2      | Reached XP level 3. HP: 11/24 MP: 4/7
   527 | D:2      | Found a blossoming altar of Fedhas.
   652 | D:2      | Quit the game

Skill      XL: |  1 |
---------------+----+-----
Summonings     | 5 |  5.5
Fighting       | |  0.1
Short Blades   | |  0.6
Maces & Flails | |  0.1
Dodging        | |  2.3
Stealth        | |  1.9
Spellcasting   | |  2.8

Action                   || total
-------------------------++-------
Melee: Whip              ||    11
       Unarmed           ||     2
       Short sword       ||    30
 Cast: Summon Small Mamm ||    19
       Call Imp          ||     5
 Abil: Hop               ||     3
 Stab: Sleeping          ||     2
Armor: Robe              ||     4
Dodge: Dodged            ||    28
       Deflected         ||     2
Block: Shield            ||     5
